[Event "*** Titled Tuesday Blitz"]
[Site "Chess.com"]
[Date "2020.05.05"]
[Round "4"]
[White "GelmanAlexander"]
[Black "Semen16"]
[Result "1-0"]
[WhiteElo "2522"]
[BlackElo "2314"]
[TimeControl "180+1"]
[EndTime "10:40:48 PDT"]
[Termination "GelmanAlexander won by checkmate"]

1. c4 e5 2. e3 Nf6 3. a3 a5 4.
d3 Nc6 5. Nc3 d6 6. Nf3 Be7 7. Be2 O-O 8. O-O h6 9. Rb1 Bf5 10. Nd2 Bg6 11. b4 axb4 12. axb4 d5 13. cxd5 Nxd5 14. Nxd5 Qxd5 15. b5 Nb4 16. e4 Qxb5 17. Nf3 Qa5 18. Bd2 Rfd8 19. Qb3 c5 20. Nxe5 Kh7 21. Nxf7 Bxf7 22. Qxf7 Qc7 23. Bg4 Qd6 24.
Bf5+ Kh8 25. e5 Qxe5 26. Qg6 Kg8 27. Be6+ Kh8 28. Bf5 Kg8 29. Rfe1 Qf6 30. Qh7+ Kf8 31. Re6 Qf7 32. Rxh6 Bf6 33. Rg6 Nxd3 34. Bg5 Bxg5 35.
Rxg5 Nf4 36. Bc2 Ne2+ 37. Kh1 Qxf2 38. Rf5+ Qxf5 39. Qxf5+ Kg8 40. Bb3+ Kh8 41. Qh5# 1-0

[Event "*** Titled Tuesday Blitz"]
[Site "Chess.com"]
[Date "2020.05.05"]
[Round "4"]
[White "Djager97"]
[Black "chenxiaoyuer"]
[Result "1-0"]
[WhiteElo "2469"]
[BlackElo "2217"]
[TimeControl "180+1"]
[EndTime "10:40:48 PDT"]
[Termination "Djager97 won by checkmate"]

1. e4 c5 2. Nf3 d6 3. d4 cxd4 4. Nxd4 Nf6 5. Nc3 Nc6 6. Bg5 e6 7. Qd2 Qb6 8. Bxf6 gxf6 9. Nb3 a6 10. O-O-O Bd7 11. Kb1 O-O-O 12. f4 Na5 13. g3 Nxb3 14. axb3 h5 15. Bc4 Qc5 16. Qe2 b5 17. Bd3 Bc6 18. Rhf1 Be7 19. f5 Qe5 20. Qe3 Kb7 21. Rde1 Rc8 22.
Ne2 Bd8 23. Nf4 Bb6 24. Qe2 Bd7 25. fxe6 Bxe6 26. Nd5 Bd8 27. Bxb5 axb5 28. Qxb5+ Ka7 29. Qa4+ Kb7 30. Qb5+ Ka7 31. b4 Rb8 32. Qa4+ Kb7 33. Qb5+ Ka7 34. Qc6 Bxd5 35. exd5 Qd4 36. Rf3 Rb6 37.
Ra3+ Kb8 38. Ra8# 1-0

[Event "*** Titled Tuesday Blitz"]
[Site "Chess.com"]
[Date "2020.05.05"]
[Round "4"]
[White "tarantul1"]
[Black "SharapovEvgeny"]
[Result "0-1"]
[WhiteElo "2574"]
[BlackElo "2372"]
[TimeControl "180+1"]
[EndTime "10:40:49 PDT"]
[Termination "SharapovEvgeny won by resignation"]

1. e4 c5 2. Nf3 d6 3. d4 cxd4 4. Nxd4 Nf6 5. Nc3 Nc6 6. g3 g6 7. Nde2 b6 8. Bg2 Bb7 9. O-O Bg7 10. h3 O-O 11. Nd5 e6 12. Nxf6+ Bxf6 13. c3 Qc7 14. Bh6 Rfd8 15. Qd2 Ne5 16. Rad1 Bg7 17. Bxg7 Kxg7 18.
Kh2 Kg8 19. Nd4 d5 20. Qe2 dxe4 21. Bxe4 Bxe4 22. Qxe4 Nc4 23. b3 Nd6 24. Qf3 Rac8 25.
c4 a6 26. h4 h5 27. Rfe1 e5 28. Nc2 Nf5 29. Nb4 Nd4 30. Qe4 f5 31. Qg2 e4 32.
Nd5 Rxd5 33. cxd5 Nf3+ 34. Kh1 Nxe1 35. Rxe1 Rd8 36. Qf1 b5 37. Rc1 Qe5 38. Rc6 Kh7 39. Qc1 Qxd5 40. Rxa6 e3+ 41. Kg1 Qd1+ 42. Qxd1 Rxd1+ 43. Kg2 e2 44. Ra7+ Kh6 0-1

[Event "*** Titled Tuesday Blitz"]
[Site "Chess.com"]
[Date "2020.05.05"]
[Round "4"]
[White "starplatinum2030"]
[Black "czasnaszachy"]
[Result "0-1"]
[WhiteElo "2122"]
[BlackElo "2299"]
[TimeControl "180+1"]
[EndTime "10:40:50 PDT"]
[Termination "czasnaszachy won by resignation"]

1. e4 c5 2. Nf3 e6 3. d4 cxd4 4. Nxd4 Nc6 5. Nb5 d6 6. c4 Be7 7.
N1c3 a6 8. Na3 Nf6 9. Be2 O-O 10.
O-O Qc7 11. Be3 Rd8 12. Rc1 Qa5 13. Qa4 Qxa4 14. Nxa4 Bd7 15. Nb6 Rab8 16. Nxd7 Rxd7 17. Rfd1 Ne8 18. Nc2 Bf6 19. Nd4 Nxd4 20. Bxd4 Bxd4 21. Rxd4 Rc7 22. b3 b5 23. Rdd1 bxc4 24. Rxc4 Rxc4 25. Bxc4 a5 26. Kf1 Kf8 27. Ke2 Ke7 28. Rc1 Nc7 29. Ke3 d5 30. exd5 exd5 31. Bd3 Kd6 32. Bf5 Ne6 33. Bxe6 fxe6 34. f4 a4 35. Rc3 axb3 36.
axb3 Rb4 37. g3 d4+ 38. Kd3 dxc3 39. Kxc3 Re4 40. Kd3 Re1 41. b4 Rh1 42. Kc4 Rxh2 43.
b5 Rg2 44. b6 Rxg3 45. b7 Kc7 46.
b8=Q+ Kxb8 0-1

[Event "*** Titled Tuesday Blitz"]
[Site "Chess.com"]
[Date "2020.05.05"]
[Round "4"]
[White "Jbd735"]
[Black "AVolodin"]
[Result "1/2-1/2"]
[WhiteElo "2439"]
[BlackElo "2660"]
[TimeControl "180+1"]
[EndTime "10:40:51 PDT"]
[Termination "Game drawn by repetition"]

1. e4 c5 2. Nf3 e6 3. d4 cxd4 4. Nxd4 Nf6 5. Nc3 d6 6. g4 Nc6 7.
g5 Nd7 8. h4 a6 9. Be3 Qc7 10. f4 b5 11. Bg2 Bb7 12. Nxc6 Bxc6 13. Qd4 Qb7 14. a3 a5 15. O-O Rc8 16. Rf2 h6 17. b4 hxg5 18. hxg5 e5 19. Qd3 exf4 20. Bxf4 Ne5 21. Qg3 axb4 22. axb4 Be7 23. Raf1 O-O 24. Bxe5 dxe5 25. g6 fxg6 26. Bh3 Bd7 27. Nd5 Bd6 28. Bxd7 Qxd7 29. Qxg6 Be7 30. Rf7 Bc5+ 31. bxc5 Rxf7 32. Nf6+ Rxf6 33. Rxf6 Qd4+ 34. Rf2 Rf8 35. Qe6+ Kh7 36. Qh3+ Kg6 37. Qg4+ Kh6 38. Qh3+ Kg6 39. Qg4+ Kh7 40.
Qh3+ Kg8 41. Qe6+ Kh8 42. Qh3+ Kg8 43. Qe6+ 1/2-1/2

[Event "*** Titled Tuesday Blitz"]
[Site "Chess.com"]
[Date "2020.05.05"]
[Round "4"]
[White "WIDBIFS"]
[Black "r31415"]
[Result "0-1"]
[WhiteElo "2774"]
[BlackElo "2415"]
[TimeControl "180+1"]
[EndTime "10:40:52 PDT"]
[Termination "r31415 won on time"]

1. d4 d6 2. Nf3 g6 3. h4 Bg4 4.
Nc3 Bg7 5. Bf4 Nd7 6. Qd2 c6 7. e3 Ngf6 8. Bc4 O-O 9. a4 Qa5 10. Ne2 Qc7 11. Nh2 Bf5 12. Ng3 e5 13. Nxf5 exf4 14.
Qd3 gxf5 15. Qxf5 fxe3 16. O-O Rae8 17. fxe3 d5 18. Bd3 Rxe3 19. Ng4 Re6 20. h5 h6 21. Rf3 Rfe8 22. Raf1 Re1 23. c3 Rxf1+ 24. Rxf1 Qg3 25.
Nf2 Qg5 26. Qxg5 hxg5 27. g4 Ne4 28. Nxe4 dxe4 29. Bc4 Nf6 30. Kg2 Re7 31. Be2 Nd5 32. Kf2 Re6 33. Ke1 Bf8 34. Bc4 Bd6 35. Bxd5 cxd5 36.
Rf5 Bg3+ 0-1

[Event "*** Titled Tuesday Blitz"]
[Site "Chess.com"]
[Date "2020.05.05"]
[Round "4"]
[White "Kate1606"]
[Black "HaryKane"]
[Result "0-1"]
[WhiteElo "2103"]
[BlackElo "2598"]
[TimeControl "180+1"]
[EndTime "10:40:52 PDT"]
[Termination "HaryKane won on time"]

1. e4 e6 2. d4 d5 3. Nc3 Nf6 4. Bg5 Be7 5. e5 Nfd7 6. Bxe7 Qxe7 7. f4 O-O 8. Nf3 c5 9. dxc5 Qxc5 10. Qd2 Nc6 11. O-O-O Nb6 12. Bd3 a5 13. Kb1 Bd7 14. h4 Rfc8 15. Ng5 h6 16. Nf3 Nc4 17. Bxc4 Qxc4 18.
g4 b5 19. g5 h5 20. f5 b4 21. Na4 Rab8 22. b3 Qe4 23. Nc5 Qxf3 24. Nxd7 Rb7 25. Nf6+ Kf8 26. g6 Nxe5 27. Rhf1 Qc3 28. Nh7+ Kg8 29.
gxf7+ Rxf7 30. Qxc3 bxc3 31. Ng5 Rxf5 32. Rxf5 exf5 33.
Rxd5 Ng6 34. Rxf5 Rf8 35. Rxf8+ Kxf8 36. Nf3 Ke7 37. a3 Kd6 38. Ka2 Kd5 39. b4 axb4 40. axb4 Ke4 41. Ng5+ Kd5 42. Kb3 Nxh4 43. Kxc3 Ng6 44.
Kb3 h4 45. c4+ Kc6 46. b5+ Kb7 47. c5 Nf4 48. Kc4 h3 49. c6+ Kb6 50. Nf3 g5 0-1

[Event "*** Titled Tuesday Blitz"]
[Site "Chess.com"]
[Date "2020.05.05"]
[Round "4"]
[White "SantoBlue"]
[Black "giantslayer83"]
[Result "0-1"]
[WhiteElo "2867"]
[BlackElo "2706"]
[TimeControl "180+1"]
[EndTime "10:40:53 PDT"]
[Termination "giantslayer83 won by checkmate"]

1. e4 e5 2. Nf3 Nc6 3. Bc4 Bc5 4. c3 Nf6 5. d4 exd4 6. e5 d5 7. Bb5 Ne4 8. cxd4 Bb6 9. Nc3 O-O 10. Be3 Ne7 11. Bd3 f5 12. exf6 Nxf6 13. Qc2 Nc6 14. a3 Bg4 15. Ne2 Qe7 16. O-O-O Ne4 17. Ng3 Rae8 18. Rhe1 Bxf3 19. gxf3 Rxf3 20. Qb3 Nf6 21. Bd2 Nxd4 22. Bxh7+ Kxh7 23. Qa4 Qc5+ 24. Kb1 Rxe1 25. Rxe1 Rxf2 26. Bc3 Qc4 27. Qd1 Nf3 28.
Re7 d4 29. Nf5 Rf1 30. Be1 Rxe1 31. Rxe1 Nxe1 32. Qxe1 Qd3+ 33. Ka2 Qxf5 34. Qh4+ Qh5 35.
Qe1 d3 36. Qc3 Qd5+ 37. Kb1 d2 38. Qh3+ Kg8 39. Qc8+ Kf7 40. Qh3 d1=Q# 0-1

[Event "*** Titled Tuesday Blitz"]
[Site "Chess.com"]
[Date "2020.05.05"]
[Round "4"]
[White "julinha97"]
[Black "Nafania1"]
[Result "0-1"]
[WhiteElo "2158"]
[BlackElo "2379"]
[TimeControl "180+1"]
[EndTime "10:40:53 PDT"]
[Termination "Nafania1 won on time"]

1. e4 e6 2. d4 d5 3. Bd3 dxe4 4. Bxe4 Nf6 5. Bf3 c5 6. Ne2 Nc6 7. Be3 cxd4 8. Nxd4 Ne5 9. O-O a6 10. Nc3 Bd6 11. h3 O-O 12. Qe2 Qc7 13. Rad1 Bd7 14. Ne4 Nxf3+ 15. Qxf3 Nxe4 16. Qxe4 Rae8 17. c3 f5 18. Qd3 f4 19. Bc1 e5 20. Nb3 Rf6 21. f3 Bb5 22. Qd5+ Kh8 23. Rf2 Bc4 24. Qd2 Bxb3 25. axb3 Bc5 26. b4 Bxf2+ 27. Qxf2 Rd6 28. Re1 Rd5 29. Qe2 Qf7 30. c4 Rd4 31. b3 Qd7 32. Kh2 h6 33. Qc2 Kg8 34. Re2 Qf7 35. Bb2 Rd7 36.
c5 Rde7 37. Qc3 e4 38. fxe4 Rxe4 39. Rf2 h5 0-1

[Event "*** Titled Tuesday Blitz"]
[Site "Chess.com"]
[Date "2020.05.05"]
[Round "4"]
[White "OK97"]
[Black "blitzking1729"]
[Result "1-0"]
[WhiteElo "2719"]
[BlackElo "2489"]
[TimeControl "180+1"]
[EndTime "10:40:54 PDT"]
[Termination "OK97 won by resignation"]

1. e4 c6 2. d4 d5 3. e5 Bf5 4. h4 h6 5. g4 Be4 6. f3 Bh7 7.
e6 Qd6 8. exf7+ Kxf7 9. f4 Nf6 10.
Nf3 Nxg4 11. h5 Nf6 12. Ne5+ Ke8 13. Bd3 Be4 14. Rg1 c5 15. Be3 cxd4 16. Bxd4 Nc6 17. Bb5 a6 18. Bxc6+ bxc6 19. Nc3 c5 20. Bf2 Bf5 21.
Qe2 e6 22. O-O-O Rb8 23. Bh4 Qb6 24. b3 Qb4 25. Bxf6 Qxc3 26. Bxg7 Rg8 27. Bxf8 Qa1+ 28.
Kd2 Qd4+ 29. Nd3 Rxg1 30. Bxc5 Rxd1+ 31. Qxd1 Qe4 32. Qg1 Kd7 33. Qg7+ Kc6 34. Bd4 Rb7 35. Ne5+ Kd6 36. Qf8+ Re7 37. Qd8+ 1-0

[Event "*** Titled Tuesday Blitz"]
[Site "Chess.com"]
[Date "2020.05.05"]
[Round "4"]
[White "swisspower96"]
[Black "Angel_Hranitel_37"]
[Result "1-0"]
[WhiteElo "2608"]
[BlackElo "2381"]
[TimeControl "180+1"]
[EndTime "10:40:54 PDT"]
[Termination "swisspower96 won by resignation"]

1. d4 Nf6 2. c4 g6 3. Nc3 Bg7 4. e4 d6 5. h3 O-O 6. Be3 c5 7. Nf3 Nc6 8. dxc5 Qa5 9. Nd2 Ne8 10. Qc2 Nd4 11. Bxd4 Bxd4 12. Nb3 Bxc3+ 13. bxc3 Qc7 14. cxd6 Nxd6 15. c5 Ne8 16. h4 Be6 17. h5 Bxb3 18.
axb3 Qxc5 19. b4 Qe5 20. Ra5 Qf6 21. e5 Qb6 22. Bc4 Rc8 23. hxg6 Rxc4 24. g7 Qg6 25. gxf8=Q+ Kxf8 26.
Qxg6 fxg6 27. Kd2 h5 28. Rxa7 Rc7 29. b5 Rd7+ 30. Ke3 Ng7 31. c4 Nf5+ 32. Ke2 Kf7 33. Rd1 Rc7 34. b6 Rxc4 35. Rxb7 Rc2+ 36. Rd2 Rc1 37.
Rc7 Rb1 38. b7 h4 39. Rd8 h3 40. gxh3 Rb2+ 41. Ke1 Rb1+ 42. Kd2 Rxb7 43. Rxb7 Ke6 44. Rh8 Kxe5 45. Rb5+ Kf6 46. f4 e6 47. Rf8+ Kg7 48. Rfxf5 exf5 49. Ke3 Kh6 50. h4 Kh5 51. Rb6 Kh6 52.
Kf3 Kh5 53. Kg3 Kh6 54. Rb8 Kg7 55. h5 g5 56. fxg5 Kf7 57. Kf4 Ke6 58. g6 Ke7 59.
g7 Kf6 60. h6 Ke7 61. g8=Q Kd6 62. Qg6+ Kc5 63. Qxf5+ Kd4 64. Qd7+ Kc3 65. Rc8+ 1-0

[Event "*** Titled Tuesday Blitz"]
[Site "Chess.com"]
[Date "2020.05.05"]
[Round "4"]
[White "Oligan22"]
[Black "DenishevM"]
[Result "0-1"]
[WhiteElo "2355"]
[BlackElo "2595"]
[TimeControl "180+1"]
[EndTime "10:40:54 PDT"]
[Termination "DenishevM won by resignation"]

1. e4 c5 2. Nf3 d6 3. d4 cxd4 4. Nxd4 Nf6 5. Nc3 a6 6. Be3 e6 7.
Qd2 b5 8. f3 Nbd7 9. g4 Nb6 10.
Bd3 Bb7 11. h4 Nfd7 12. O-O-O Rc8 13. Kb1 Ne5 14. Qf2 Rxc3 15. bxc3 Na4 16. Bd2 d5 17.
Nb3 Qc7 18. Qa7 Ba3 19. exd5 O-O 20. Qd4 Bxd5 21. Rhf1 Nxf3 22. Rxf3 Bxf3 23. Rf1 Bd5 24. h5 Rc8 25. h6 Nxc3+ 26. Ka1 f6 27. hxg7 e5 28. Qe3 Na4 29. Rxf6 Qxg7 30. Qxe5 Bb2+ 31. Qxb2 Nxb2 32. g5 Nxd3 33. cxd3 h6 34. Kb1 hxg5 35. Rd6 Bxb3 36. axb3 g4 37. Rd5 g3 38. Rg5 g2 39.
Rxg7+ Kxg7 40. Be3 Re8 41. Kb2 Rxe3 0-1

[Event "*** Titled Tuesday Blitz"]
[Site "Chess.com"]
[Date "2020.05.05"]
[Round "4"]
[White "Dumbo32"]
[Black "RATNAKARAN"]
[Result "1-0"]
[WhiteElo "2464"]
[BlackElo "2575"]
[TimeControl "180+1"]
[EndTime "10:40:54 PDT"]
[Termination "Dumbo32 won by resignation"]

1. e4 e6 2. d4 d5 3. Nc3 Nf6 4.
e5 Nfd7 5. Nce2 c5 6. c3 b5 7.
a3 a5 8. Nf3 Qb6 9. g3 Ba6 10. Bg2 b4 11. O-O b3 12. Re1 Bxe2 13. Rxe2 c4 14. Qd2 Nc6 15. Qf4 h6 16. h4 Be7 17.
Bd2 Rf8 18. Qg4 Rg8 19. Bxh6 O-O-O 20. Bd2 Rdf8 21. Rae1 Nd8 22. Ng5 Qc6 23. Nh7 Re8 24. h5 Rh8 25. Ng5 f5 26. exf6 Nxf6 27. Qf3 Bf8 28. Bh3 Rxh5 29. Bxe6+ Nxe6 30. Rxe6 Rxe6 31. Rxe6 Qd7 32. Rxf6 gxf6 33. Qxh5 fxg5 34. Qxg5 Bxa3 35. Bc1 Be7 36. Qe5 a4 37. Bf4 Kb7 38. Qb8+ Ka6 39. Bc7 Qc6 40. Qc8+ Qb7 41. Qd7 Ka7 42. Qxe7 Ka6 43. Qd7 Qb5 44. Qxb5+ Kxb5 45. Bd6 1-0

[Event "*** Titled Tuesday Blitz"]
[Site "Chess.com"]
[Date "2020.05.05"]
[Round "4"]
[White "Semen_Khanin"]
[Black "vanyakuba"]
[Result "1-0"]
[WhiteElo "2691"]
[BlackElo "2435"]
[TimeControl "180+1"]
[EndTime "10:40:54 PDT"]
[Termination "Semen_Khanin won on time"]

1. d4 d5 2. Nf3 c5 3. c4 e6 4.
cxd5 exd5 5. Nc3 Nc6 6. g3 Nf6 7. Bg2 c4 8. O-O Be7 9. Ne5 O-O 10. b3 Bb4 11. Bb2 Qa5 12. Rc1 cxb3 13. axb3 Be6 14. Na4 Rac8 15. Nxc6 Rxc6 16. Rxc6 bxc6 17. Qc2 Rc8 18. Ra1 Qc7 19. Nc5 a5 20. Bc1 Qa7 21. Bf4 Bg4 22. e3 Bh5 23. Qf5 Bg4 24. Qc2 Bh5 25. Bh3 Bg6 26. Bf5 Bxf5 27. Qxf5 Re8 28. Nd3 Be7 29. Ne5 Qb7 30. Qd3 Ne4 31.
Rxa5 f6 32. Nf3 g5 33. Nxg5 fxg5 34. Be5 Bf8 35. f3 Nd6 36. Ra1 Nb5 37. Qf5 Qe7 38. Rc1 Na7 39. Qg4 Bg7 40. f4 Bxe5 41. dxe5 Nb5 42.
h4 h6 43. Rxc6 d4 44. Rxh6 Qg7 45. Qh5 1-0

[Event "*** Titled Tuesday Blitz"]
[Site "Chess.com"]
[Date "2020.05.05"]
[Round "4"]
[White "dpopadic"]
[Black "MaxVavulin"]
[Result "0-1"]
[WhiteElo "2343"]
[BlackElo "2586"]
[TimeControl "180+1"]
[EndTime "10:40:54 PDT"]
[Termination "MaxVavulin won by resignation"]

1. e4 e5 2. Nf3 Nc6 3. Bb5 a6 4. Ba4 Nge7 5. O-O g6 6. c3 Bg7 7. d4 exd4 8. cxd4 b5 9. Bb3 d6 10. h3 O-O 11. Nc3 Bb7 12. Re1 Na5 13. Bc2 c5 14. d5 h6 15. Bf4 g5 16. Bxg5 hxg5 17. Nxg5 Bf6 18. Nf3 Ng6 19. Nh2 Nc4 20. Rb1 Nxb2 21. Rxb2 Bxc3 22. Rb3 Bxe1 23. Qxe1 Kg7 24. Ng4 Bc8 25. Qc3+ f6 26. Ne3 Kf7 27. f4 Nxf4 28.
Qe1 Rg8 29. Kh2 Qe7 30. Qh4 Qe5 31. g3 Ng6 32. Ng4 Nxh4 33. Nxe5+ fxe5 34. gxh4 Bd7 35. Bd1 Ke7 36. h5 Raf8 37. Bf3 Rf4 38. Re3 Rh4 39. Bg2 Rxh5 40. Ra3 Rhg5 41. Bf1 Bc8 42. Re3 Rf8 43. Bg2 Rf2 44. Rg3 Rxg3 45. Kxg3 Rxa2 46. h4 Kf6 47. Bh3 Bxh3 0-1

[Event "*** Titled Tuesday Blitz"]
[Site "Chess.com"]
[Date "2020.05.05"]
[Round "4"]
[White "rogapa"]
[Black "Oleksandr_Bortnyk"]
[Result "0-1"]
[WhiteElo "2699"]
[BlackElo "2995"]
[TimeControl "180+1"]
[EndTime "10:40:55 PDT"]
[Termination "Oleksandr_Bortnyk won by checkmate"]

1. e4 Nf6 2. e5 Nd5 3. d4 d6 4. Nf3 dxe5 5. Nxe5 c6 6. Be2 Bf5 7. O-O Nd7 8. Nf3 e6 9. c4 N5f6 10. Nc3 Bd6 11. h3 O-O 12. Be3 h6 13. Re1 Re8 14. Bf1 Qc7 15. Qd2 Rad8 16. Rad1 e5 17. dxe5 Nxe5 18. Nxe5 Bxe5 19. Qc1 Rxd1 20. Rxd1 b6 21. Bd3 Bxd3 22. Rxd3 Qe7 23. a3 Qe6 24. b3 Qf5 25. Qd1 g5 26. Bd4 Bf4 27. g3 Be5 28. Rf3 Qg6 29. Bxe5 Rxe5 30. Qd6 Re6 31.
Qb8+ Kg7 32. Qxa7 Qc2 33. Qxb6 Re1+ 34. Kg2 Qc1 35. Re3 Rg1+ 36. Kf3 Qf1 37. Qd4 Qxh3 38.
Re2 Qf5+ 39. Ke3 c5 40. Qd6 Rc1 41. Nd5 Ng4+ 42. Kd2 Qc2# 0-1

[Event "*** Titled Tuesday Blitz"]
[Site "Chess.com"]
[Date "2020.05.05"]
[Round "4"]
[White "Rodalquilar"]
[Black "VerdeNotte"]
[Result "0-1"]
[WhiteElo "2636"]
[BlackElo "2846"]
[TimeControl "180+1"]
[EndTime "10:40:55 PDT"]
[Termination "VerdeNotte won on time"]

1. d4 Nf6 2. c4 g6 3. Nc3 Bg7 4. e4 d6 5. Nf3 O-O 6. Be2 Nbd7 7. Be3 e5 8. d5 Ng4 9. Bg5 f6 10. Bh4 h5 11. Nd2 Nh6 12. f3 a5 13. Qc2 Nc5 14. h3 g5 15. Bf2 h4 16. b3 Bd7 17. a3 b6 18. Rb1 f5 19. b4 axb4 20.
axb4 Na6 21. c5 bxc5 22. Bxa6 cxb4 23. Nb5 Rxa6 24. Nxc7 Qc8 25. Qc4 Ra4 26. O-O Bf6 27. Rfc1 g4 28. hxg4 fxg4 29. Be3 Nf7 30. Rxb4 Ra3 31. Rb3 Rxb3 32. Qxb3 Bg5 33. Bxg5 Nxg5 34. Qe3 Rf4 35. Rc3 Qf8 36. Ne6 Nxe6 37.
dxe6 Bxe6 38. Rc7 h3 39. gxh3 gxf3 40. Kf2 Qh6 41. Qe1 Qh4+ 42. Kf1 Bxh3+ 0-1

[Event "*** Titled Tuesday Blitz"]
[Site "Chess.com"]
[Date "2020.05.05"]
[Round "4"]
[White "smshk35"]
[Black "SoltaniciR"]
[Result "1-0"]
[WhiteElo "2394"]
[BlackElo "2591"]
[TimeControl "180+1"]
[EndTime "10:40:55 PDT"]
[Termination "smshk35 won by checkmate"]

1. e4 c5 2. Nf3 d6 3. c3 Nf6 4.
Be2 Bg4 5. O-O e6 6. h3 Bh5 7. e5 dxe5 8. Nxe5 Bxe2 9. Qxe2 Nbd7 10. d4 cxd4 11. cxd4 Be7 12. Qb5 Qb6 13. Qd3 O-O 14. Be3 Qxb2 15. Nc3 Rac8 16. Rfc1 Nxe5 17. dxe5 Rfd8 18.
Qb5 Qxb5 19. Nxb5 Nd5 20. Bxa7 b6 21. a4 Bb4 22. Rab1 Ba5 23. Nd6 Ra8 24. Nb7 Rf8 25. Nxa5 Rxa7 26. Nc4 Rxa4 27. Nxb6 Nxb6 28. Rxb6 Re4 29.
Rb5 g5 30. Rc7 Kg7 31. g4 Kg6 32. Kg2 h5 33. f3 Re2+ 34. Kf1 Ra2 35. Rc1 h4 36. Kg1 Ra3 37. Rf1 Ra4 38. f4 Rd8 39. f5+ Kg7 40. fxe6 fxe6 41. Rb7+ Kg6 42. Rf6# 1-0

[Event "*** Titled Tuesday Blitz"]
[Site "Chess.com"]
[Date "2020.05.05"]
[Round "4"]
[White "Leonid_Starozhilov"]
[Black "CookiesAndIceCream"]
[Result "1-0"]
[WhiteElo "2635"]
[BlackElo "2350"]
[TimeControl "180+1"]
[EndTime "10:40:55 PDT"]
[Termination "Leonid_Starozhilov won by checkmate"]

1. e4 e6 2. d4 d5 3. e5 c5 4. c3 Nc6 5. Nf3 Qb6 6. a3 Nh6 7. b4 cxd4 8. Bxh6 gxh6 9. b5 Na5 10. cxd4 Bd7 11. Nbd2 Rg8 12. a4 Rc8 13. g3 Bb4 14.
Bd3 Nc4 15. Bxc4 dxc4 16. O-O c3 17. Ne4 Be7 18. Rc1 Qa5 19. Qd3 Qxa4 20. Rxc3 Rxc3 21. Nxc3 Qb3 22. Rb1 Qa3 23. Nd2 Qa5 24. Nc4 Qc7 25.
Ne4 Rg6 26. Ned6+ Kf8 27. Qf3 Be8 28. Ra1 Kg7 29. Rb1 b6 30. Qe3 Bd7 31. h4 Be8 32. Rc1 Qd7 33. Qd3 Qd8 34. Ne4 Qa8 35. Ncd6 Bd7 36.
Qe3 Qd5 37. Re1 Bxb5 38. Qf4 Bc6 39. Qxf7+ Kh8 40. Qxe7 Rg7 41. Qf8+ Rg8 42. Nf7# 1-0

[Event "*** Titled Tuesday Blitz"]
[Site "Chess.com"]
[Date "2020.05.05"]
[Round "4"]
[White "leopato"]
[Black "Tsukasa06"]
[Result "1-0"]
[WhiteElo "2073"]
[BlackElo "2233"]
[TimeControl "180+1"]
[EndTime "10:40:55 PDT"]
[Termination "leopato won by checkmate"]

1. e4 e5 2. Nf3 Nc6 3. Bb5 a6 4. Ba4 Nf6 5. O-O b5 6. Bb3 Bc5 7. d3 Bf8 8. c3 Bb7 9. Nbd2 Be7 10. d4 d6 11. Re1 O-O 12. Nf1 h6 13. Ng3 Re8 14. Nf5 Bf8 15. d5 Ne7 16. N3h4 Kh7 17.
Qf3 Ng6 18. a4 b4 19. cxb4 Bc8 20. h3 Bd7 21. Bd2 Nxh4 22. Nxh4 g6 23. Rac1 Bg7 24. Rc2 Nxe4 25. Rxe4 f5 26. Rec4 f4 27. Rxc7 Rc8 28.
Rxc8 Bxc8 29. g3 e4 30. Qxf4 g5 31. Qe3 gxh4 32. Bc3 hxg3 33. Qxg3 Bxc3 34. Rxc3 Bf5 35. Kh2 Rg8 36. Qf4 Qd7 37. Bc2 Re8 38. Rc6 e3 39. Rxd6 Bxc2 40. Rxd7+ Kg8 41. Qf7+ Kh8 42. Qg7# 1-0

[Event "*** Titled Tuesday Blitz"]
[Site "Chess.com"]
[Date "2020.05.05"]
[Round "4"]
[White "grzechu96"]
[Black "SaqoChess_Twitch"]
[Result "1-0"]
[WhiteElo "2595"]
[BlackElo "2403"]
[TimeControl "180+1"]
[EndTime "10:40:57 PDT"]
[Termination "grzechu96 won by checkmate"]

1. e4 c5 2. Nf3 d6 3. d4 cxd4 4. Nxd4 Nf6 5. Nc3 g6 6. Be3 Bg7 7. f3 O-O 8. Qd2 Nc6 9. g4 Nxd4 10. Bxd4 Be6 11. h4 Qa5 12. h5 Rfc8 13. hxg6 hxg6 14.
Be2 Bc4 15. g5 Nh5 16. Bxg7 Kxg7 17. Bxc4 Rxc4 18. O-O-O Rac8 19. Kb1 Rxc3 20. bxc3 Rc6 21. Ka1 Ra6 22. Qd4+ e5 23. Qc4 b5 24. Qb3 Rc6 25. Qb4 Qb6 26. Rd5 a6 27. Rhd1 Qe3 28. R5d3 Qf2 29.
Rxd6 Rc4 30. Qb2 Qxf3 31. R1d3 Qxe4 32. Rxa6 b4 33. Rd7 bxc3 34. Qb7 Qe1+ 35. Qb1 Qe4 36. Qb7 Ng3 37. Rxf7+ Kh8 38. Ra8+ Rc8 39. Rxc8# 1-0

[Event "*** Titled Tuesday Blitz"]
[Site "Chess.com"]
[Date "2020.05.05"]
[Round "4"]
[White "Filip_Covic"]
[Black "Volodar_Murzin"]
[Result "0-1"]
[WhiteElo "2349"]
[BlackElo "2634"]
[TimeControl "180+1"]
[EndTime "10:40:57 PDT"]
[Termination "Volodar_Murzin won by resignation"]

1. d4 f6 2. e4 c5 3. Nf3 cxd4 4. Nxd4 Nc6 5. Nc3 Nxd4 6. Qxd4 e6 7. Bc4 Ne7 8. O-O Nc6 9. Qd1 Be7 10. Be3 O-O 11.
f4 a6 12. f5 b5 13. Bb3 Na5 14. Rf3 Nxb3 15. axb3 Bb7 16. Rh3 Qe8 17. Qg4 g5 18. fxe6 dxe6 19. Qxe6+ Kh8 20. Qf5 Qf7 21. Rf1 Bc8 22.
Qd5 Bxh3 23. gxh3 Rac8 24. Qxf7 Rxf7 25. Bd4 Bc5 26. Bxc5 Rxc5 27. Rf2 f5 28. b4 Re5 29. exf5 Rexf5 30. Rd2 h6 31. Ne4 Kh7 32. Ng3 Rf4 33. Rd6 Rxb4 34. b3 a5 35. Ra6 a4 36.
bxa4 bxa4 37. c3 Rb1+ 38. Kg2 Rb2+ 39. Kg1 Ra2 40. Ne4 a3 41. Nc5 Ra1+ 42. Kg2 a2 43. Nb3 Rb1 44. Nd2 0-1

[Event "*** Titled Tuesday Blitz"]
[Site "Chess.com"]
[Date "2020.05.05"]
[Round "4"]
[White "Azeryahu"]
[Black "DenLaz"]
[Result "1-0"]
[WhiteElo "2901"]
[BlackElo "2690"]
[TimeControl "180+1"]
[EndTime "10:40:58 PDT"]
[Termination "Azeryahu won by resignation"]

1. e4 e5 2. Nc3 Nf6 3. Bc4 Bc5 4. d3 d6 5. Nf3 Nc6 6. a3 a6 7. O-O Bg4 8. Be3 Nd4 9. Bxd4 Bxd4 10. h3 Bxc3 11.
bxc3 Bh5 12. Qe2 O-O 13. Qe3 c6 14. a4 d5 15. exd5 cxd5 16. Bb3 e4 17. Ne5 exd3 18. cxd3 Qc7 19. d4 Bg6 20. Rac1 b5 21. Rfe1 Rfe8 22. Qg3 Qb7 23. h4 Rac8 24. Re3 Re7 25. Rce1 Rec7 26. Qf3 b4 27. c4 dxc4 28. Qxb7 Rxb7 29. Bxc4 Rb6 30. a5 Rd6 31. g4 Rxd4 32. h5 Nxg4 33.
hxg6 Nxe5 34. Rxe5 hxg6 35. Bxa6 Rb8 36. Re8+ Rxe8 37. Rxe8+ Kh7 38. Rb8 Rd5 39. Rb5 Rd6 40. Bb7 Rd1+ 41. Kg2 Rb1 42. a6 1-0

[Event "*** Titled Tuesday Blitz"]
[Site "Chess.com"]
[Date "2020.05.05"]
[Round "4"]
[White "rakshi2005"]
[Black "TudorAnton"]
[Result "1-0"]
[WhiteElo "2297"]
[BlackElo "2497"]
[TimeControl "180+1"]
[EndTime "10:40:58 PDT"]
[Termination "rakshi2005 won by resignation"]

1. e4 e5 2. Nf3 Nc6 3. Bc4 Bc5 4. O-O Nf6 5. d4 Bxd4 6. Nxd4 Nxd4 7. f4 d6 8. fxe5 dxe5 9. Bg5 Be6 10. Na3 Bxc4 11. Nxc4 Qe7 12. c3 Ne6 13. Bxf6 gxf6 14. b4 Rg8 15. g3 Rg6 16. Qd2 Qd7 17. Qxd7+ Kxd7 18. Ne3 Ng5 19. Rad1+ Ke6 20. Nd5 Rc8 21. Rde1 Nxe4 22. Nf4+ exf4 23. Rxe4+ Kd7 24. Rexf4 Ke7 25. Re1+ Kf8 26.
Rd4 Re8 27. Red1 f5 28. Rd7 Rc6 29. R1d3 Re2 30. a4 Rc2 31. Rf3 Ke8 32. Rdd3 Rc4 33. Rfe3+ Kf8 34. Rf3 b6 35. Rxf5 R2xc3 36. Rd7 Rc1+ 37.
Kg2 R4c2+ 38. Kh3 Re2 39. Rfxf7+ Ke8 40. Rxc7 Rh1 41. Rxa7 h5 42. Kh4 Rhxh2+ 43. Kg5 Re5+ 44. Kg6 Re6+ 45. Kh7 Rd2 46. Rg7 Rf6 47. Rg8+ Rf8 48.
Ra8+ 1-0

[Event "*** Titled Tuesday Blitz"]
[Site "Chess.com"]
[Date "2020.05.05"]
[Round "4"]
[White "Falia-p"]
[Black "ZverevLev"]
[Result "1-0"]
[WhiteElo "2379"]
[BlackElo "2062"]
[TimeControl "180+1"]
[EndTime "10:40:58 PDT"]
[Termination "Falia-p won on time"]

1. e4 c5 2. Nf3 d6 3. d4 cxd4 4. Nxd4 Nf6 5. Nc3 a6 6. h3 e6 7. g4 Nc6 8. g5 Nd7 9. h4 Be7 10.
Bg2 Qc7 11. Be3 b5 12. Qd2 Bb7 13. h5 O-O-O 14. O-O-O Kb8 15. Kb1 Rc8 16. g6 hxg6 17. hxg6 Rxh1 18. Rxh1 Nxd4 19. Qxd4 Ba8 20. gxf7 Bf6 21.
Qd3 Ne5 22. Qe2 Nxf7 23. Nd1 Ne5 24. f4 Nc4 25. Qd3 Nxe3 26. Nxe3 Qc5 27. Rd1 Be7 28. Bh3 Rh8 29. Bxe6 Rh2 30. Nd5 Bf8 31. Nc3 Qf2 32. Bd5 b4 33. Bxa8 bxc3 34. Bd5 1-0